Unix NetHack Version 5.0.0-0 post-release - last build Jul 19 2026 19:10:59 (3aa4ab31751d3886436d94b585a96704892fd477,branch:main).

Game began 2026-07-23 09:53:16, ended 2026-07-23 10:10:54.

LDaviesPeters, neutral female human Archeologist

                                   -----------                 -----------
                                   -.........|      -------    |.........|
                                   |.........|      |....<.####..........|
                                   |.....{...-#     |.....|#   |.........|
                                   -------.---#    #+.....|#   |.........|
                                          #   # ###@-------#   ------.----
                                          #   #####a########         #
                                          #     ##                   #
                                       ####     #####             ####
                                       #     ####   ##            #
                                     ###     #       #     #      #
                                     #    ####       #  ######    #
                                   --.--  #          #### #--.----.---
                                   +...|  #             ###|.........|
                                   |.)..###              ##|.........|
                                   |(..|                  #|.....(...|
                                   -----                  #..........|
                                                           |.........|
                                                           -----------

LDaviesPeters the Field Worker  St:15 Dx:10 Co:14 In:13 Wi:13 Ch:10  Neutral
Dlvl:4  $:0  HP:0(30) Pw:10(10) AC:8  Xp:4 T:1540 

Latest messages:
 A cave spider was hidden under 19 gold pieces!
 The cave spider bites!
 You miss the cave spider.
 The cave spider bites!
 You lash the cave spider.
 The cave spider misses!
 You miss the cave spider.
 The cave spider bites!
 You miss the cave spider.
 The cave spider bites!
 The kitten misses the cave spider.
 The kitten misses the cave spider.
 You kill the cave spider!
 Your kitten eats a cave spider corpse.
 You swap places with your kitten.
 There is a fountain here.
 You see here 19 gold pieces.
 $ - 19 gold pieces (30 in total).
 What do you want to use or apply? [abfgnpru or ?*] b
 You put 30 gold pieces into the sack.
 You swap places with your kitten.
 You find a hidden door.
 The door resists!
 The door resists!
 The door opens.
 You find a hidden passage.
 The kitten misses it.
 You swap places with your kitten.
 The giant ant bites!
 The giant ant bites!
 The giant ant bites!
 You miss the giant ant.
 The giant ant bites!
 The kitten bites the giant ant.
 The giant ant bites the kitten.
 You miss the giant ant.
 The giant ant bites!
 You find a hidden door.
 You miss the giant ant.
 The giant ant bites!
 The giant ant bites!
 You miss the giant ant.
 The giant ant bites!
 The giant ant bites!
 You miss the giant ant.
 The giant ant bites!
 You lash the giant ant.
 The giant ant bites!
 You die...
 Do you want your possessions identified? [ynq] (y) q

Inventory:
 Weapons  (')')
  l - 2 +0 daggers
  m - 3 +0 orcish daggers
  a - a +2 bullwhip (weapon in right hand)
  q - a cursed +0 war hammer
 Armor    ('[')
  c - an uncursed +0 fedora
  w - an uncursed +0 orcish helm (being worn)
  h - an uncursed +0 leather jacket (being worn)
 Comestibles  ('%')
  d - 5 uncursed food rations
  o - a cursed food ration
  x - 2 uncursed fortune cookies
  y - an uncursed tin of dried green mold
 Wands    ('/')
  n - a wand of create monster (0:11)
  u - a wand of light (0:11)
  r - a wand of make invisible (0:7)
 Tools    ('(')
  b - an uncursed sack containing 5 items
  p - a +0 pick-axe (alternate weapon; not wielded)
  f - a tinning kit (0:84)
 Gems/Stones  ('*')
  g - an uncursed touchstone

Contents of the sack:
  61 gold pieces
  an uncursed scroll of create monster
  an uncursed scroll of light
  an uncursed potion of see invisible
  a blessed potion of levitation

LDaviesPeters the Archeologist's attributes:

Background:
 You were a Field Worker, a level 4 female human Archeologist.
 You were neutral, nominally on a mission for Camaxtli
 who was opposed by Quetzalcoatl (lawful) and Huhetotl (chaotic).
 You were right-handed.
 You were in the Dungeons of Doom, on level 4.
 You entered the dungeon 1540 turns ago.
 You had 109 experience points, 51 more were needed to attain level 5.

Basics:
 You had 0 out of 30 hit points.
 You had all 10 energy points (spell power).
 Your armor class was 8.
 Your wallet was empty, but
 you had 61 zorkmids stashed away in your pack.
 Autopickup was off.

Final Characteristics:
 Your strength was 15 (limit:18/100).
 Your dexterity was 10 (limit:18).
 Your constitution was 14 (limit:18).
 Your intelligence was 13 (limit:18).
 Your wisdom was 13 (limit:18).
 Your charisma was 10 (limit:18).

Final Status:
 You weren't hungry.
 You were unencumbered.
 You were wielding a whip.
 You had basic skill with whip.

Final Attributes:
 You were devoutly aligned.
 You had automatic searching.
 You are dead.

Miscellaneous:
 You didn't encounter any bones levels.
 Total elapsed playing time was 17 minutes and 38 seconds.

Major events:
 Turn
    1: LDaviesPeters the neutral female human Archeologist entered the dungeon
  565: entered the Gnomish Mines
  568: attained the rank of Field Worker (level 3)
 1540: killed by a giant ant

You didn't know any spells.

Skills:
 Fighting Skills
   bare handed combat [Unskilled]
   two weapon combat  [Unskilled]
   riding             [Unskilled]
 Weapon Skills
   dagger             [Unskilled]
   knife              [Unskilled]
   pick-axe           [Basic]
   short sword        [Unskilled]
   saber              [Unskilled]
   club               [Unskilled]
   quarterstaff       [Unskilled]
   sling              [Unskilled]
   dart               [Unskilled]
   boomerang          [Unskilled]
   whip               [Basic]
   unicorn horn       [Unskilled]
 Spellcasting Skills
   attack spells      [Unskilled]
   healing spells     [Unskilled]
   divination spells  [Unskilled]
   matter spells      [Unskilled]

Voluntary challenges:
 Character rerolling was not enabled.
 You were an atheist.
 You never genocided any monsters.
 You never polymorphed an object.
 You never changed form.
 You used no wishes.
Achievements:
 You entered the Gnomish Mines.
 You attained the rank of Field Worker.

 The Dungeons of Doom: levels 1 to 4
    Level 1:
       A fountain.
    Level 2:
       Stairs down to The Gnomish Mines.
    Level 3:
    Level 4: <- You were here.
       A fountain.
       Final resting place for
          you, killed by a giant ant.
 The Gnomish Mines:
    Level 3:


Vanquished creatures:
  2 shriekers
  2 dwarf zombies
  3 iguanas
  a coyote
  a hobbit
  3 giant rats
  a cave spider
  a gnome
  a jackal
  4 goblins
  a sewer rat
  4 grid bugs
  5 lichens
  a kobold zombie
  4 newts
34 creatures vanquished.

No species were genocided or became extinct.

Game over:
                       ----------
                      /          \
                     /    REST    \
                    /      IN      \
                   /     PEACE      \
                  /                  \
                  |  LDaviesPeters   |
                  |      61 Au       |
                  |   killed by a    |
                  |    giant ant     |
                  |                  |
                  |                  |
                  |       2026       |
                 *|     *  *  *      | *
        _________)/\\_//(\/(/\)/\//\/|_)_______

Goodbye LDaviesPeters the Archeologist...

You died in The Dungeons of Doom on dungeon level 4 with 641 points,
and 61 pieces of gold, after 1540 moves.
You were level 4 with a maximum of 30 hit points when you died.

